 Dungeon Crawl Stone Soup version 0.30.0-10-gfe55d96785 (webtiles) character file.

Game seed: 8533162474361161723

69 booth the Conjurer (level 4, -1/29 (34) HPs)
             Began as a Demonspawn Reaver on May 15, 2023.
             Slain by an adder (3 damage)
             ... on level 2 of the Dungeon.
             The game lasted 00:12:31 (1366 turns).

booth the Conjurer (Demonspawn Reaver)              Turns: 1366, Time: 00:12:32

HP:   -1/29 (34)    AC:  4    Str: 13 (14) XL:     4   Next: 2%
MP:   6/7           EV: 12    Int: 12 (14) God:
Gold: 62            SH:  4    Dex: 17 (18) Spells: 1/7 levels left

rFire   . . .        a - +0 hand axe
rCold   + . .        (no shield)
rNeg    . . .        b - +0 leather armour
rPois   .            (helmet restricted)
rElec   .            (no cloak)
rCorr   .            (no gloves)
SInv    .            i - +0 pair of boots
Will    .....        (no amulet)
Stlth   +            c - +6 ring of dexterity
HPRegen 0.24/turn    f - ring of protection from cold
MPRegen 0.10/turn

%: no passive effects
@: mighty, lethally poisoned (-1 -> -3), attractive, heavily drained
A: antennae 1, large bone plates 1
a: no special abilities


You were on level 2 of the Dungeon.
You visited 1 branch of the dungeon, and saw 2 of its levels.

You collected 62 gold pieces.

Inventory:

Hand Weapons
 a - a +0 hand axe (weapon)
Armour
 b - a +0 leather armour (worn)
 i - a +0 pair of boots (worn)
Jewellery
 c - a +6 ring of dexterity (left hand)
 f - a ring of protection from cold (right hand)
Potions
 e - a potion of curing
 j - a potion of brilliance {unknown}


   Skills:
 + Level 2.4 Fighting
 + Level 3.0 Axes
 + Level 1.0 Armour
 + Level 2.1 Dodging
 + Level 2.3 Spellcasting
 + Level 3.2 Conjurations
 + Level 1.5 Necromancy


You had one spell level left.
You knew the following spells:

 Your Spells              Type           Power      Damage    Failure   Level
a - Kiss of Death         Conj/Necr      28%        2d7       13%         1
b - Momentum Strike       Conj/Tloc      10%        3d8       26%         2
c - Hailstorm             Conj/Ice       5%         3d4       45%         3

Your spell library contained the following spells:

 Spells                   Type           Power      Damage    Failure   Level


Dungeon Overview and Level Annotations

Branches:
Dungeon (2/15)

Altars:
Fedhas


Innate Abilities, Weirdness & Mutations

You have a pair of small antennae on your head.
You are partially covered in large bone plates. (SH +4)


Message History

You hit the adder but do no damage.
The adder is moderately wounded.
The adder completely misses you.
You closely miss the adder.
The adder is moderately wounded.
The adder closely misses you. The adder bites you.
* * * LOW HITPOINT WARNING * * *
You barely miss the adder.
The adder is moderately wounded.
The adder bites you but does no damage.
You hit the adder.
The adder is heavily wounded.
You block the adder's attack. The adder bites you.
* * * LOW HITPOINT WARNING * * *
You miss the adder.
The adder is heavily wounded.
The adder barely misses you.
It was a potion of attraction.
You feel attractive to monsters. The adder bites you.
* * * LOW HITPOINT WARNING * * *
You are lethally poisoned!
The adder poisons you! The adder completely misses you.
It was a potion of degeneration.
There was something very wrong with that liquid.
You feel weakened.
You feel dopey.
You feel clumsy.
* * * LOW HITPOINT WARNING * * *
You feel sick. You block the adder's attack.
You feel very mighty all of a sudden.
* * * LOW HITPOINT WARNING * * *
You feel sick. The adder barely misses you.
You closely miss the adder.
The adder is heavily wounded.
* * * LOW HITPOINT WARNING * * *
You feel sick. The adder barely misses you. You block the adder's attack.
You hit the adder.
The adder is severely wounded.
* * * LOW HITPOINT WARNING * * *
You feel sick. The adder bites you.
You die...

#....# ###.......##.#..##.# #.
####....#.###.#####.##.#.....#
#. #.......#......
#.##........... ..##....#......
#.##.......###.
...............####.##..._...#
..###..........................
..# #...#.## #.....[.......###
..##.##...# #.......#.###.#
....#{#...## #@S.....#J# #.#
##..##.##$.# #.......#
##...#S#.. ####.##.# ####..##)#
....#.# #.......# ###..#.# .
#.#....†# ...#.# . #.#.#...#
##.#.# #####. #.#...##.# .#.#
..... #.....# #.. .#.######....


You could see an adder.

Vanquished Creatures
  2 adders (D:2)
  2 dart slugs
  5 bats
  An endoplasm (D:2)
  4 hobgoblins
  10 jackals (D:1)
  A quokka (D:1)
  6 ball pythons
  A frilled lizard (D:1)
  4 goblins (D:1)
  4 kobolds
  5 rats
45 creatures vanquished.

Notes
Turn   | Place    | Note
-------+----------+-------------------------------------------
     0 | D:1      | booth the Demonspawn Reaver began the quest for the Orb.
     0 | D:1      | Reached XP level 1. HP: 16/16 MP: 3/3
   242 | D:1      | Gained mutation: You have a pair of small antennae on your
                  | head. [demonic ancestry]
   242 | D:1      | Reached XP level 2. HP: 12/22 MP: 5/5
   471 | D:1      | Reached skill level 1 in Necromancy
   629 | D:1      | Gained mutation: You are partially covered in large bone
                  | plates. (SH +4) [demonic ancestry]
   629 | D:1      | Reached XP level 3. HP: 26/27 MP: 6/6
  1002 | D:2      | Found a blossoming altar of Fedhas.
  1078 | D:2      | Reached skill level 1 in Armour
  1184 | D:2      | Reached XP level 4. HP: 27/29 MP: 7/7
  1188 | D:2      | Learned a level 2 spell: Momentum Strike
  1192 | D:2      | Learned a level 3 spell: Hailstorm
  1366 | D:2      | Slain by an adder

Illustrated notes

Levels and vault maps discovered:
D:1:      nicolae_arrival_washed_ashore, layout_basic
D:2:      layout_basic, basic_altar, minmay_vboxes

Skill      XL: |  1  2  3 |
---------------+----------+-----
Dodging        | 2 |  2.1
Necromancy     | 1 |  1.5
Axes           | 3 |  3.0
Armour         | 1 |  1.0
Fighting       | |  2.4
Spellcasting   | |  2.3
Conjurations   | |  3.2

Action                     |  1- 3 |  4- 6 || total
---------------------------+-------+-------++-------
  Melee: Hand axe          |   127 |    27 ||   154
         Punch             |     1 |     1 ||     2
   Cast: Kiss of Death     |     1 |       ||     1
         Momentum Strike   |       |     1 ||     1
    Use: Potion            |     1 |     3 ||     4
         Scroll            |     1 |       ||     1
   Stab: Sleeping          |     1 |       ||     1
 Armour: Leather armour    |    39 |     8 ||    47
  Dodge: Dodged            |   131 |    18 ||   149
  Block: Other             |     7 |     7 ||    14
